TOP OF THE 1ST |
University of Conneticut Huskies batting - Pitching for Coastal Carolina University Chanticleers : LHP Rocco Calvocoressi
|
Pitching: LHP Rocco Calvocoressi
|
|
Batting: RHB Cullen Elliott
|
0-0: Ball 1-0: Foul Ball, location: 2F 1-1: Ground out 6-3 (Groundball, 6, EV 101.2 MPH)
|
Batting: RHB Victor Ramos
|
0-0: Swinging Strike 0-1: Called Strike 0-2: Ball 1-2: Strikes out swinging
|
Batting: RHB Roku Kawano
|
0-0: Called Strike 0-1: Ball 1-1: Ball 2-1: Swinging Strike 2-2: Strikes out swinging, 2-3 out at first.
|
Top of the 1st over - 0 runs, 0 hits, 0 errors, 0 left on base; University of Conneticut 0 - Coastal Carolina University 0 |
BOTTOM OF THE 1ST |
Coastal Carolina University Chanticleers batting - Pitching for University of Conneticut Huskies : RHP Dave Cobos
|
Pitching: RHP Dave Cobos
|
|
Batting: RHB Rene Napoles
|
0-0: DOUBLE (Line Drive, 9LM, EV 95.0 MPH)
|
Batting: RHB Tristan Williams
|
0-0: Called Strike 0-1: Ball 1-1: Called Strike 1-2: Ball 2-2: Strikes out swinging
|
Batting: LHB Orlando Hurtado
|
0-0: Ball 1-0: Fly out, F7 (Flyball, 7D, EV 104.4 MPH) Runner from 2nd tags up, SAFE at 3rd, no throw by LF
|
Batting: RHB Tristan Walsh
|
0-0: Fly out, F3 (Popup, 3F, EV 80.0 MPH)
|
Bottom of the 1st over - 0 runs, 1 hit, 0 errors, 1 left on base; University of Conneticut 0 - Coastal Carolina University 0 |
TOP OF THE 2ND |
University of Conneticut Huskies batting - Pitching for Coastal Carolina University Chanticleers : LHP Rocco Calvocoressi
|
Batting: LHB Greg James
|
0-0: Ball 1-0: SINGLE (Groundball, 4MD, EV 106.9 MPH)
|
Batting: RHB Jordan Nicholas
|
0-0: Fly out, F9 (Flyball, 9D, EV 90.0 MPH)
|
Batting: LHB Hector Acosta
|
0-0: Ball 1-0: Reached on error, E4 (Groundball, 34, EV 83.8 MPH) Greg James to second
|
Batting: LHB Jonathan Sica
|
0-0: Ball 1-0: Foul Ball, location: 2F 1-1: Foul Ball, location: 2F 1-2: Grounds into double play, 4-6-3 (Groundball, 4, EV 101.2 MPH)
|
Top of the 2nd over - 0 runs, 1 hit, 1 error, 1 left on base; University of Conneticut 0 - Coastal Carolina University 0 |
BOTTOM OF THE 2ND |
Coastal Carolina University Chanticleers batting - Pitching for University of Conneticut Huskies : RHP Dave Cobos
|
Batting: RHB Isaac Washington
|
0-0: Ball 1-0: Called Strike 1-1: Reached on error, E4 (Groundball, 4, EV 76.9 MPH)
|
Batting: RHB Dennis Bennett
|
0-0: Fly out, F9 (Flyball, 89M, EV 86.2 MPH)
|
Batting: RHB Chris Marcellus
|
0-0: Foul Ball, location: 2F 0-1: Ball 1-1: Ball 2-1: Ball 3-1: Fly out, F8 (Flyball, 8LD, EV 103.1 MPH)
|
Batting: RHB Oscar Hernandez
|
0-0: Swinging Strike 0-1: Fielders Choice at 2nd, 6-4 (Groundball, 6, EV 80.0 MPH)
|
Bottom of the 2nd over - 0 runs, 0 hits, 1 error, 1 left on base; University of Conneticut 0 - Coastal Carolina University 0 |
TOP OF THE 3RD |
University of Conneticut Huskies batting - Pitching for Coastal Carolina University Chanticleers : LHP Rocco Calvocoressi
|
Batting: LHB Omar Alba
|
0-0: Ball 1-0: Foul Ball, location: 2F 1-1: TRIPLE (Line Drive, 7D, EV 113.1 MPH)
|
Batting: RHB Jai De san miguel
|
0-0: Called Strike 0-1: Called Strike 0-2: Ball 1-2: Foul Ball, location: 2F 1-2: Ball 2-2: Foul Ball, location: 2F 2-2: Fly out, F9 (Flyball, 9D, EV 95.0 MPH) Runner from 3rd tags up, SCORES, no throw by RF
|
Batting: RHB Cullen Elliott
|
0-0: Swinging Strike 0-1: Ball 1-1: Called Strike 1-2: SINGLE (Groundball, 6MS, EV 85.6 MPH) (infield hit)
|
Batting: RHB Victor Ramos
|
0-0: Called Strike 0-1: 2-RUN HOME RUN (Flyball, 7D, EV 106.2 MPH), Distance : 404 ft
|
Batting: RHB Roku Kawano
|
0-0: Ball 1-0: Foul Ball, location: 2F 1-1: Called Strike 1-2: Ball 2-2: Foul Ball, location: 2F 2-2: Ball 3-2: Strikes out swinging
|
Batting: LHB Greg James
|
0-0: Swinging Strike 0-1: Ball 1-1: Swinging Strike 1-2: Ball 2-2: Strikes out swinging
|
Top of the 3rd over - 3 runs, 3 hits, 0 errors, 0 left on base; University of Conneticut 3 - Coastal Carolina University 0 |
BOTTOM OF THE 3RD |
Coastal Carolina University Chanticleers batting - Pitching for University of Conneticut Huskies : RHP Dave Cobos
|
Batting: SHB Iher Waithaka
|
0-0: Ball 1-0: SINGLE (Groundball, 34D, EV 102.5 MPH)
|
Batting: RHB Rene Napoles
|
0-0: Ball 1-0: Foul Ball, location: 2F 1-1: Foul Ball, location: 2F 1-2: Ball 2-2: TRIPLE (Flyball, 78XD, EV 94.4 MPH) Iher Waithaka scores
|
Batting: RHB Tristan Williams
|
0-0: Ball 1-0: Ball 2-0: Foul Ball, location: 2F 2-1: Foul Ball, location: 2F 2-2: Fly out, F9 (Flyball, 9LS, EV 81.2 MPH)
|
Batting: LHB Orlando Hurtado
|
0-0: Ball 1-0: Called Strike 1-1: Foul Ball, location: 2F 1-2: Fly out, F7 (Flyball, 78D, EV 102.5 MPH) Runner from 3rd tags up, SCORES, throw by LF
|
Batting: RHB Tristan Walsh
|
0-0: Called Strike 0-1: Ball 1-1: Called Strike 1-2: Ball 2-2: Fly out, F8 (Flyball, 8RXD, EV 91.9 MPH)
|
Bottom of the 3rd over - 2 runs, 2 hits, 0 errors, 0 left on base; University of Conneticut 3 - Coastal Carolina University 2 |
TOP OF THE 4TH |
University of Conneticut Huskies batting - Pitching for Coastal Carolina University Chanticleers : LHP Rocco Calvocoressi
|
Batting: RHB Jordan Nicholas
|
0-0: Foul Ball, location: 2F 0-1: SOLO HOME RUN (Flyball, 7LD, EV 96.9 MPH), Distance : 359 ft
|
Batting: LHB Hector Acosta
|
0-0: Called Strike 0-1: Ball 1-1: SINGLE (Line Drive, 8LS, EV 93.1 MPH)
|
Batting: LHB Jonathan Sica
|
0-0: Grounds into double play, 3-6-3 (Groundball, 3, EV 85.6 MPH)
|
Batting: LHB Omar Alba
|
0-0: Ball 1-0: Called Strike 1-1: Foul Ball, location: 2F 1-2: Ball 2-2: Ball 3-2: Foul Ball, location: 2F 3-2: Foul Ball, location: 2F 3-2: Base on Balls
|
Batting: RHB Jai De san miguel
|
0-0: Called Strike 0-1: Fly out, F9 (Line Drive, 9, EV 90.6 MPH)
|
Top of the 4th over - 1 run, 2 hits, 0 errors, 1 left on base; University of Conneticut 4 - Coastal Carolina University 2 |
BOTTOM OF THE 4TH |
Coastal Carolina University Chanticleers batting - Pitching for University of Conneticut Huskies : RHP Dave Cobos
|
Batting: RHB Isaac Washington
|
0-0: Swinging Strike 0-1: Ball 1-1: Fly out, F9 (Flyball, 9, EV 91.2 MPH)
|
Batting: RHB Dennis Bennett
|
0-0: SINGLE (Groundball, 34S, EV 76.9 MPH) (infield hit)
|
Batting: RHB Chris Marcellus
|
0-0: Called Strike 0-1: Fly out, F7 (Flyball, 7, EV 82.5 MPH)
|
Batting: RHB Oscar Hernandez
|
0-0: Called Strike 0-1: Called Strike 0-2: Ball 1-2: Ball 2-2: Strikes out swinging
|
Bottom of the 4th over - 0 runs, 1 hit, 0 errors, 1 left on base; University of Conneticut 4 - Coastal Carolina University 2 |
TOP OF THE 5TH |
University of Conneticut Huskies batting - Pitching for Coastal Carolina University Chanticleers : LHP Rocco Calvocoressi
|
Pitching: RHP Steve Hewlett
|
|
Now at C: Jeremy Stockwell
|
|
Batting: RHB Cullen Elliott
|
0-0: Ball 1-0: Ball 2-0: Ball 3-0: Base on Balls
|
Batting: RHB Victor Ramos
|
0-0: Ball 1-0: Ball 2-0: SINGLE (Groundball, 6MS, EV 65.6 MPH) (infield hit) Cullen Elliott to second
|
Pinch Hitting: SHB Miguel Perez
|
0-0: SINGLE (Groundball, P, EV 88.1 MPH) (infield hit) Cullen Elliott to third Victor Ramos to second
|
Batting: LHB Greg James
|
0-0: Called Strike 0-1: Fly out, F8 (Flyball, 8LM, EV 91.9 MPH) Runner from 3rd tags up, OUT at HOME! 8-2 Victor Ramos to third Miguel Perez to second
|
Batting: RHB Jordan Nicholas
|
0-0: Ball 1-0: Ball 2-0: Swinging Strike 2-1: Foul Ball, location: 2F 2-2: Foul Ball, location: 2F 2-2: Strikes out swinging
|
Top of the 5th over - 0 runs, 2 hits, 0 errors, 2 left on base; University of Conneticut 4 - Coastal Carolina University 2 |
BOTTOM OF THE 5TH |
Coastal Carolina University Chanticleers batting - Pitching for University of Conneticut Huskies : RHP Dave Cobos
|
Now at C: Ismael Vega
|
|
Now in CF: Victor Nava
|
|
Batting: SHB Iher Waithaka
|
0-0: Foul Ball, location: 2F 0-1: Swinging Strike 0-2: Ground out 6-3 (Groundball, 6, EV 97.5 MPH)
|
Batting: RHB Rene Napoles
|
0-0: Called Strike 0-1: Ball 1-1: Swinging Strike 1-2: Ball 2-2: Strikes out swinging
|
Batting: RHB Tristan Williams
|
0-0: Called Strike 0-1: Swinging Strike 0-2: Ball 1-2: Ball 2-2: Ball 3-2: Strikes out swinging
|
Bottom of the 5th over - 0 runs, 0 hits, 0 errors, 0 left on base; University of Conneticut 4 - Coastal Carolina University 2 |
TOP OF THE 6TH |
University of Conneticut Huskies batting - Pitching for Coastal Carolina University Chanticleers : RHP Steve Hewlett
|
Batting: RHB Kyle Finney
|
0-0: Ball 1-0: Foul Ball, location: 2F 1-1: Ground out 4-3 (Groundball, 4M, EV 83.8 MPH)
|
Pinch Hitting: RHB Lee Wilbur
|
0-0: Ground out 4-3 (Groundball, 4S, EV 75.6 MPH)
|
Batting: RHB Victor Nava
|
0-0: Called Strike 0-1: Ball 1-1: Foul Ball, location: 2F 1-2: Ball 2-2: Ground out 1-3 (Groundball, 13S, EV 70.6 MPH)
|
Top of the 6th over - 0 runs, 0 hits, 0 errors, 0 left on base; University of Conneticut 4 - Coastal Carolina University 2 |
BOTTOM OF THE 6TH |
Coastal Carolina University Chanticleers batting - Pitching for University of Conneticut Huskies : RHP Dave Cobos
|
Pitching: RHP Gabe Martinez
|
|
Now at 1B: Charlie Slayback
|
|
Pinch Hitting: RHB Justin Klein
|
0-0: Ground out 1-3 (Groundball, P, EV 72.5 MPH)
|
Pinch Hitting: RHB Tatsunori Ishigaki
|
0-0: Ball 1-0: Ball 2-0: Ball 3-0: Base on Balls
|
Pinch Hitting: RHB Ferri Casteleijn
|
0-0: Called Strike Tatsunori Ishigaki steals 2nd base 0-1: Fly out, F6 (Line Drive, 6, EV 65.6 MPH)
|
Batting: RHB Mark Tart
|
0-0: Ball 1-0: Called Strike 1-1: Ball 2-1: Called Strike 2-2: Strikes out swinging
|
Bottom of the 6th over - 0 runs, 0 hits, 0 errors, 1 left on base; University of Conneticut 4 - Coastal Carolina University 2 |
TOP OF THE 7TH |
University of Conneticut Huskies batting - Pitching for Coastal Carolina University Chanticleers : RHP Steve Hewlett
|
Pitching: RHP Mitsuaki Fukunaga
|
|
Now at 1B: Justin Klein
|
|
Now at 2B: Ferri Casteleijn
|
|
Now at 3B: Tatsunori Ishigaki
|
|
Now at SS: Rene Napoles
|
|
Pinch Hitting: RHB Jack Vokey
|
0-0: Ball 1-0: Called Strike 1-1: Called Strike 1-2: Fly out, F7 (Flyball, 78S, EV 90.0 MPH)
|
Batting: RHB Cullen Elliott
|
0-0: Ball 1-0: Called Strike 1-1: Ball 2-1: Ball 3-1: Fly out, F8 (Flyball, 8LD, EV 89.4 MPH)
|
Pinch Hitting: RHB Phil Hilton
|
0-0: Ball 1-0: SINGLE (Flyball, 8RS, EV 98.8 MPH)
|
Batting: SHB Ismael Vega
|
0-0: Ball 1-0: Ball Phil Hilton steals 2nd, throwing error, E2 Phil Hilton to third 2-0: Ball 3-0: Base on Balls
|
Batting: LHB Greg James
|
0-0: Called Strike 0-1: Foul Ball, location: 2F 0-2: Ball 1-2: Ball 2-2: Foul Ball, location: 2F 2-2: SINGLE (Groundball, 6S, EV 73.1 MPH) (infield hit) Phil Hilton scores Ismael Vega to second
|
Batting: RHB Jordan Nicholas
|
0-0: Called Strike 0-1: Ball 1-1: Ball 2-1: Ground out 1-3 (Groundball, P, EV 66.2 MPH)
|
Top of the 7th over - 1 run, 2 hits, 1 error, 2 left on base; University of Conneticut 5 - Coastal Carolina University 2 |
BOTTOM OF THE 7TH |
Coastal Carolina University Chanticleers batting - Pitching for University of Conneticut Huskies : RHP Gabe Martinez
|
Pitching: LHP Travis Ventresca
|
|
Now at SS: Jack Vokey
|
|
Now in LF: Phil Hilton
|
|
Pinch Hitting: RHB Chris McDaniel
|
0-0: SOLO HOME RUN (Flyball, 9D, EV 104.4 MPH), Distance : 374 ft
|
Batting: LHB Jeremy Stockwell
|
0-0: Foul Ball, location: 2F 0-1: Ground out 4-3 (Groundball, 4, EV 87.5 MPH)
|
Pinch Hitting: RHB Alex Montiel
|
0-0: Ball 1-0: Ball 2-0: Foul Ball, location: 2F 2-1: Ground out 3-1 (Groundball, 13, EV 79.4 MPH)
|
Batting: RHB Rene Napoles
|
0-0: Foul Ball, location: 2F 0-1: Ball 1-1: Foul Ball, location: 2F 1-2: Foul Ball, location: 2F 1-2: Strikes out swinging
|
Bottom of the 7th over - 1 run, 1 hit, 0 errors, 0 left on base; University of Conneticut 5 - Coastal Carolina University 3 |
TOP OF THE 8TH |
University of Conneticut Huskies batting - Pitching for Coastal Carolina University Chanticleers : RHP Mitsuaki Fukunaga
|
Pitching: RHP Melchior Hartman
|
|
Now in CF: Alex Montiel
|
|
Now in RF: Chris McDaniel
|
|
Batting: RHB Kyle Finney
|
0-0: Ball 1-0: Called Strike 1-1: Swinging Strike 1-2: Hit by Pitch
|
Batting: RHB Charlie Slayback
|
0-0: Called Strike 0-1: Foul Ball, location: 2F 0-2: Foul Ball, location: 2F 0-2: Ball Kyle Finney is caught stealing 2nd base 2-4 1-2: Ball 2-2: Foul Ball, location: 2F 2-2: Strikes out looking
|
Batting: RHB Victor Nava
|
0-0: Ball 1-0: Called Strike 1-1: Ball 2-1: Swinging Strike 2-2: Strikes out swinging
|
Top of the 8th over - 0 runs, 0 hits, 0 errors, 0 left on base; University of Conneticut 5 - Coastal Carolina University 3 |
BOTTOM OF THE 8TH |
Coastal Carolina University Chanticleers batting - Pitching for University of Conneticut Huskies : LHP Travis Ventresca
|
Pitching: RHP Hyun-kyoo Kim
|
|
Pinch Hitting: LHB Milo Karadzic
|
0-0: Swinging Strike 0-1: Foul Ball, location: 2F 0-2: Foul Ball, location: 2F 0-2: Strikes out looking
|
Pinch Hitting: RHB Johnnie Cowan
|
0-0: Ball 1-0: Foul Ball, location: 2F 1-1: Swinging Strike 1-2: SINGLE (Flyball, 89S, EV 90.6 MPH)
|
Batting: RHB Tatsunori Ishigaki
|
0-0: Fly out, F9 (Flyball, 9D, EV 106.2 MPH)
|
Pinch Hitting: LHB Nate Kokx
|
0-0: Called Strike 0-1: Foul Ball, location: 2F 0-2: Ball 1-2: Strikes out swinging
|
Bottom of the 8th over - 0 runs, 1 hit, 0 errors, 1 left on base; University of Conneticut 5 - Coastal Carolina University 3 |
TOP OF THE 9TH |
University of Conneticut Huskies batting - Pitching for Coastal Carolina University Chanticleers : RHP Melchior Hartman
|
Pitching: RHP Jeff Box
|
|
Now at 1B: Nate Kokx
|
|
Now at 2B: Mike Grogan
|
|
Now in LF: Milo Karadzic
|
|
Batting: RHB Jack Vokey
|
0-0: Ball 1-0: Ball 2-0: Called Strike 2-1: Called Strike 2-2: Strikes out swinging, 2-3 out at first.
|
Batting: RHB Cullen Elliott
|
0-0: Ball 1-0: Foul Ball, location: 2F 1-1: Ball 2-1: Called Strike 2-2: Ball 3-2: Base on Balls
|
Batting: RHB Phil Hilton
|
0-0: Ball 1-0: Foul Ball, location: 2F 1-1: SINGLE (Line Drive, 9S, EV 103.1 MPH) Cullen Elliott to second
|
Pitching: RHP Dorian Sander
|
|
Pinch Hitting: RHB Hector Guerra
|
0-0: Called Strike 0-1: Ball 1-1: Ball 2-1: Ball 3-1: Foul Ball, location: 2F 3-2: Base on Balls Cullen Elliott to third Phil Hilton to second
|
Batting: LHB Greg James
|
0-0: Called Strike 0-1: Fly out, F8 (Flyball, 8LD, EV 90.0 MPH) Runner from 3rd tags up, SCORES, throw by CF Phil Hilton to third
|
Batting: RHB Jordan Nicholas
|
0-0: Ball 1-0: Ground out 4-3 (Groundball, 4, EV 86.2 MPH)
|
Top of the 9th over - 1 run, 1 hit, 0 errors, 2 left on base; University of Conneticut 6 - Coastal Carolina University 3 |
BOTTOM OF THE 9TH |
Coastal Carolina University Chanticleers batting - Pitching for University of Conneticut Huskies : RHP Hyun-kyoo Kim
|
Pitching: RHP Hugo Chavez
|
|
Now at C: Matthew Lanford
|
|
Batting: RHB Mark Tart
|
0-0: Ball 1-0: Called Strike 1-1: Ground out 6-3 (Groundball, 56, EV 83.1 MPH)
|
Batting: RHB Chris McDaniel
|
0-0: Ground out 5-3 (Groundball, 56S, EV 86.9 MPH)
|
Batting: LHB Jeremy Stockwell
|
0-0: Ball 1-0: Called Strike 1-1: Ground out 2-3 (Groundball, 2L, EV 71.9 MPH)
|
Bottom of the 9th over - 0 runs, 0 hits, 0 errors, 0 left on base; University of Conneticut 6 - Coastal Carolina University 3 |
|